 Dungeon Crawl Stone Soup version 0.17-a0-2028-g5c22979 (webtiles) character file.

119 Jackolantern the Slinger (level 5, 0/34 HPs)
             Began as a Halfling Hunter on Oct 11, 2015.
             Slain by a ball python (1 damage)
             ... in a sewer.
             The game lasted 00:04:28 (930 turns).

Jackolantern the Slinger (Halfling Hunter)           Turns: 930, Time: 00:04:29

Health: 0/34       AC:  7    Str: 12    XL:     5   Next: 23%
Magic:  5/5        EV: 10    Int: 10    God:
Gold:   68         SH:  0    Dex: 16    Spells: 0 memorised, 4 levels left

rFire  . . .     SeeInvis .     a - +1 hunting sling
rCold  . . .     Clarity  .     l - +1 ring mail {MR+}
rNeg   . . .     SustAt   .     (shield restricted)
rPois  .         Gourm    .     (no helmet)
rElec  .         Spirit   .     f - +0 cloak
rCorr  .         Warding  .     (no gloves)
rMut   .         Stasis   .     (no boots)
MR     +....                    (no amulet)
Stlth  +.........               (no ring)
                                (no ring)

@: constricted, somewhat resistant to hostile enchantments, very unstealthy
A: mutation resistance 1
a: no special abilities


You were in a sewer.
You were not hungry.

You visited 1 branch of the dungeon, and saw 4 of its levels.
You also visited: Sewer.

You collected 68 gold pieces.

Inventory:

Hand Weapons
 a - a +1 hunting sling (weapon)
 c - a +0 short sword
Missiles
 j - 6 stones (quivered)
Armour
 f - a +0 cloak (worn)
 l - a +1 ring mail of magic resistance (worn)
Scrolls
 g - a scroll of identify {unknown}
 k - a scroll of random uselessness {unknown}
Potions
 d - 2 potions of curing {unknown}
 i - a potion of haste {unknown}
Comestibles
 e - a bread ration
 h - a meat ration


   Skills:
 + Level 1.7 Fighting
 * Level 8.7 Slings
 + Level 2.5 Dodging
 + Level 1.1 Stealth


You had 4 spell levels left.
You didn't know any spells.

Dungeon Overview and Level Annotations

Branches:
Dungeon (4/15)
 Temple: D:4-7

Altars:

Annotations:
Sewer soloincognito's ghost, novice FoSk


Innate Abilities, Weirdness & Mutations

You are small and have problems with some larger weapons.
You are somewhat resistant to further mutation.


Message History

Soloincognito's ghost hits you but does no damage.
A ball python comes into view.
Firing (i - inventory):
j - 8 stones (quivered)
Press: ? - help, Shift-Dir - straight line, f/p - soloincognito's ghost
Aim: soloincognito's ghost (heavily damaged)
You shoot a stone.
The stone closely misses soloincognito's ghost.
You hear a splash.
Soloincognito's ghost hits you.
* * * LOW HITPOINT WARNING * * *
Firing (i - inventory):
j - 7 stones (quivered)
Press: ? - help, Shift-Dir - straight line, f/p - soloincognito's ghost
Aim: soloincognito's ghost (heavily damaged)
You shoot a stone.
The stone barely misses soloincognito's ghost.
You hear a splash.
Soloincognito's ghost hits you but does no damage.
The ball python bites you but does no damage.
The ball python grabs you.
You die...

≈≈≈...# #.
≈≈≈....#.
≈≈≈......
≈≈≈......
≈≈......#
≈.(.S...##
≈........##
(...((W@..##
≈.....S.#..#
≈.S....###.#
≈...... #∩#
≈...... ###
≈≈.....
≈≈.....
≈≈.....


You could see soloincognito's ghost and 3 ball pythons.

Vanquished Creatures
  An orc priest (D:4)
  A hound (D:4)
  An orc wizard (D:4)
  An adder (D:3)
  A giant gecko (D:3)
  An orc (D:4)
  A giant cockroach (D:4)
  2 hobgoblins (D:2)
  6 jackals (D:1)
  5 bats
  3 kobolds (D:2)
  3 rats
26 creatures vanquished.

Notes
Turn   | Place    | Note
--------------------------------------------------------------
     0 | D:1      | Jackolantern the Halfling Hunter began the quest for the Orb.
     0 | D:1      | Reached XP level 1. HP: 14/14 MP: 1/1
    10 | D:1      | Reached skill level 6 in Slings
    18 | D:1      | Reached XP level 2. HP: 19/19 MP: 2/2
   333 | D:2      | You fall through a shaft!
   423 | D:3      | Reached XP level 3. HP: 24/24 MP: 3/3
   427 | D:3      | Reached skill level 7 in Slings
   522 | D:4      | Reached XP level 4. HP: 24/29 MP: 4/4
   538 | D:4      | Reached skill level 8 in Slings
   549 | D:4      | Reached XP level 5. HP: 18/34 MP: 5/5
   651 | D:4      | Noticed an ogre
   684 | D:4      | Found a glowing drain.
   699 | Sewer    | Entered a sewer
   904 | Sewer    | Noticed soloincognito's ghost (novice FoSk)
   929 | Sewer    | HP: 1/34 [soloincognito's ghost (2)]
   930 | Sewer    | Slain by a ball python

Vault maps used:
D:1:      lightli_arrival_maybe_door_vault
D:2:      grunt_gozag_statues, first_bread
D:3:      minmay_goblin_kobold_castle, corexii_shack, st_stairs_5
D:4:      zin_purify, portal_sewer_entry_a, st_stairs_6, uniq_pikel
Sewer:    sewer_minmay_treatment

Action                   |  1- 3 |  4- 6 || total
-------------------------+-------+-------++-------
 Fire: Hunting sling     |    64 |    48 ||   112
